 Dungeon Crawl Stone Soup version 0.22-a0-417-g1387785 (webtiles) character file.

2205 Mgcat the Skirmisher (level 9, -1/71 HPs)
             Began as a Demonspawn Fighter on May 14, 2018.
             Was an Initiate of Gozag.
             Splashed by Joseph's acid (13 damage)
             ... on level 7 of the Dungeon.
             The game lasted 00:15:46 (5558 turns).

Mgcat the Skirmisher (Demonspawn Fighter)           Turns: 5558, Time: 00:15:47

Health: -1/71      AC:  6    Str: 24    XL:     9   Next: 12%
Magic:  11/13      EV: 10    Int: 15    God:    Gozag
Gold:   578        SH:  6    Dex: 17    Spells: 10/14 levels left

rFire    + . .     SeeInvis .     - Unarmed
rCold    . . .     Gourm    .   g - +1 buckler
rNeg     . . .     Faith    .   j - +1 ring mail of the Snake Pit {Str+3}
rPois    +         Spirit   .   (no helmet)
rElec    .         Reflect  .   (no cloak)
rCorr    .         Harm     .   (no gloves)
MR       +....                  (no boots)
Stlth    +.........             (no amulet)
HPRegen  0.21/turn              w - ring "Tixky" {rPois MR+ Str+4 Int+4 Dex+3}
MPRegen  0.13/turn              (no ring)

@: corroded, very slightly contaminated
A: claws 1, iridescent scales 2, demonic guardian 1, fire resistance 1, flame
cloud immunity
a: Potion Petition, Call Merchant, Bribe Branch, Renounce Religion


You were on level 7 of the Dungeon.
You worshipped Gozag.
Gozag was pleased with you.
You were not hungry.

You visited 2 branches of the dungeon, and saw 8 of its levels.

You collected 881 gold pieces.
You spent 145 gold pieces at shops.
You paid 158 gold pieces to Gozag.

Inventory:

Missiles
 v - 7 curare-tipped needles
 y - 2 throwing nets {=f, !d}
Armour
 b - a +0 shield
 g - a +1 buckler (worn)
   (You found it on level 1 of the Dungeon)
 j - the +1 ring mail of the Snake Pit (worn) {Str+3}
   (You found it on level 6 of the Dungeon)

   It affects your strength (+3).
Magical Staves
 a - an uncursed staff of energy {+MP, hungerless spells, !d!a@w1}
   (You found it on level 4 of the Dungeon)
Jewellery
 w - the ring "Tixky" (left claw) {rPois MR+ Str+4 Int+4 Dex+3}
   (You bought it in a shop on level 4 of the Dungeon)

   [ring of dexterity]

   It affects your strength (+4).
   It affects your intelligence (+4).
   It affects your dexterity (+3).
   It protects you from poison.
   It affects your resistance to hostile enchantments.
Wands
 k - a wand of iceblast (12)
   (You found it on level 6 of the Dungeon)
 n - a wand of enslavement (13)
   (You found it on level 5 of the Dungeon)
 x - a wand of flame (62)
   (You found it on level 4 of the Dungeon)
Scrolls
 h - a scroll of magic mapping {!r}
 i - 5 scrolls of identify
 l - 2 scrolls of remove curse
 m - a scroll of fear
 r - 2 scrolls of teleportation
 u - a scroll of fog {unknown}
Potions
 c - a potion of resistance {unknown}
 e - 2 potions of degeneration {unknown}
 f - a potion of lignification {unknown}
 o - a potion of agility {unknown}
 p - a potion of haste {unknown}
 q - a potion of mutation {unknown}
 s - 3 potions of brilliance
 t - 4 potions of curing {unknown}
Comestibles
 d - 13 rations


   Skills:
 + Level 6.9 Fighting
 - Level 2.6 Armour
 - Level 4.2 Shields
 + Level 6.0 Unarmed Combat
 + Level 3.0 Spellcasting
 + Level 4.7 Translocations
 + Level 2.0 Air Magic
 + Level 2.2 Poison Magic


You had 10 spell levels left.
You knew the following spells:

 Your Spells              Type           Power        Failure   Level  Hunger
a - Blink                 Tloc           N/A          7%          2    ##.....
b - Poisonous Vapours     Pois/Air       #.....       19%         2    ##.....

Your spell library contained the following spells:

 Spells                   Type           Power        Failure   Level  Hunger
 Magic Dart               Conj           #...         30%         1    #......
 Conjure Flame            Conj/Fire      #.......     65%         3    ###....
 Slow                     Hex            #.......     41%         2    ##.....
 Freezing Cloud           Conj/Ice/Air   #.........   100%        6    #######
 Mephitic Cloud           Conj/Pois/Air  #.......     45%         3    ###....
 Ring of Flames           Chrm/Fire      #.........   100%        7    #######
 Call Imp                 Summ           #.......     41%         2    ##.....


Dungeon Overview and Level Annotations

Branches:
Dungeon (7/15)             Temple (1/1) D:5

Altars:
Cheibriados
Fedhas
Gozag
Hepliaklqana
Kikubaaqudgha
Makhleb
Nemelex Xobeh
Sif Muna
Trog
Vehumet
Wu Jian
Xom
Yredelemnul
Zin
The Shining One

Shops:
D:4 *:

Annotations:
D:4 PegasusDuck's ghost, amateur OgFE
D:7 Joseph


Innate Abilities, Weirdness & Mutations

You have sharp fingernails.
You are mostly covered in iridescent scales. (AC +4)
A weak demonic guardian rushes to your aid.
Your flesh is heat resistant. (rF+)
You are immune to clouds of flame.


Message History

Aiming: Poisonous Vapours (safe; 19% risk of failure)
Press: ? - help, Dir - move target cursor, f/p - Joseph
Aim: Joseph, wielding a hunting sling and wearing a leather armour Poisonous vapours surround Joseph!
Joseph is engulfed in poison gas.
Joseph is poisoned.
Your ufetubus completely misses Joseph. x2
Your ufetubus misses Joseph.
Your ufetubus closely misses Joseph.
Joseph shoots a sling bullet.
The sling bullet hits your ufetubus!
Your ufetubus dies!
The hound barely misses you.
You claw the hound!
The hound is heavily wounded.
You block the hound's attack.
Joseph shoots a sling bullet.
The sling bullet hits you. The hound bites you but does no damage.
You claw the hound!
You kill the hound!
Your Spellcasting skill increases to level 3!
Joseph shoots a sling bullet.
The sling bullet hits you!
A crimson imp comes into view.
The crimson imp shouts!
Joseph shoots a sling bullet.
The sling bullet hits you.
You see here a sling bullet.
Joseph hits you but does no damage.
The crimson imp is distracted by the nearby gold.
You see here a sling bullet.
You claw Joseph!
Joseph is moderately wounded.
Joseph hits you but does no damage.
You scratch Joseph.
Joseph is heavily wounded.
You barely miss Joseph.
Joseph is heavily wounded.
Your quasit bites Joseph but does no damage.
Your quasit closely misses Joseph.
Your quasit barely misses Joseph.
Joseph hits you but does no damage.
You closely miss Joseph.
Joseph is heavily wounded.
The crimson imp is no longer distracted by gold.
Your quasit bites Joseph but does no damage.
Your quasit closely misses Joseph.
Your quasit misses Joseph. Joseph hits you with a hunting sling.
Your quasit closely misses Joseph.
Your quasit claws Joseph but does no damage.
Your quasit barely misses Joseph.
A hound comes into view.
You scratch Joseph.
Joseph is heavily wounded.
Joseph looks more healthy.
You block Joseph's attack.
Your quasit bites Joseph.
Your quasit claws Joseph but does no damage.
Your quasit claws Joseph.
You closely miss Joseph.
Joseph is severely wounded.
Your quasit bites Joseph but does no damage.
Your quasit claws Joseph but does no damage. x2
The crimson imp summons a swarm of flies.
Joseph barely misses your quasit.
You scratch Joseph but do no damage.
Joseph is severely wounded.
Your quasit bites Joseph but does no damage.
Your quasit claws Joseph.
Your quasit closely misses Joseph.
The crimson imp blinks!
You scratch Joseph.
Joseph is severely wounded.
You block Joseph's attack.
The hound is distracted by the nearby gold.
Your quasit barely misses Joseph.
Your quasit claws Joseph but does no damage.
Your quasit closely misses Joseph.
The hound barks!
You scratch Joseph.
Joseph is severely wounded.
Your quasit closely misses Joseph.
Your quasit claws Joseph but does no damage. x2
Joseph hits you but does no damage.
The crimson imp is distracted by the nearby gold.
You barely miss Joseph.
Joseph is severely wounded.
Your quasit barely misses Joseph.
Your quasit closely misses Joseph.
Your quasit claws Joseph but does no damage.
Joseph hits you but does no damage.
Your quasit bites Joseph but does no damage.
Your quasit barely misses Joseph.
Your quasit completely misses Joseph.
The crimson imp shouts!
You claw Joseph!
Joseph is almost dead.
You hear a shout!
Your quasit bites Joseph but does no damage.
Your quasit claws Joseph.
Your quasit claws Joseph but does no damage.
You block Joseph's attack.
You completely miss Joseph.
Joseph is almost dead.
The hound is no longer distracted by gold.
The hound bites your quasit but does no damage.
The hound stops to sniff the ground.
The hound bites your quasit.
Your quasit bites the hound.
Your quasit barely misses the hound.
Your quasit claws the hound.
Joseph zaps a wand.
The bolt of acid hits you!
* * * LOW HITPOINT WARNING * * *
The acid corrodes you!
You are splashed with acid!
The acid burns!
You die...
Your body crumbles into a pile of gold.

##.# ##.#######
....... .........#
#..#.. .#.####..#
....5 ...####.:###
#...# .####......#
#...# .# #.#..#.#
#...# .# #.#..#.#
#@..# .#
#.#..#.#####@5h####.
.#
#.#..#......(.......
.#
#..........$($......
##
#.).................
#
#.#.##.###.#...#.##.
# #...##.# #(#<..#.#
#...##.# #.#...# #
#..###.# #.#...# #..
... #.#...#


You could see Joseph, a hound, a crimson imp and a friendly quasit.

Vanquished Creatures
  Grinder (D:3)
  The ghost of grindst0ne the Covert, an amateur SpEn of Dithmenos (D:5)
  2 ice beasts
  A phantom (D:5)
  2 big kobolds
  Blork the orc (D:6)
  2 bullfrogs
  A scorpion (D:6)
  3 killer bees (D:7)
  5 wights (D:7)
  A howler monkey (D:6)
  A crimson imp (D:5)
  3 hounds
  An orc priest (D:7)
  Jessica (D:2)
  5 orc wizards
  3 worker ants
  A worker ant zombie (D:6)
  A howler monkey skeleton (D:6)
  17 adders
  3 shadow imps (D:5)
  An ooze (D:2)
  An adder skeleton (D:4)
  3 worms (D:2)
  2 dart slugs
  2 leopard geckos
  17 orcs
  2 ball pythons
  6 bats
  7 giant cockroaches
  8 hobgoblins
  16 jackals
  22 kobolds
  2 quokkas
  4 frilled lizards
  8 goblins
  3 rats
160 creatures vanquished.

Vanquished Creatures (collateral kills)
  Eustachio (D:6)
  An ogre (D:6)
  An adder (D:6)
3 creatures vanquished.

Grand Total: 163 creatures vanquished

Notes
Turn   | Place    | Note
-------+----------+-------------------------------------------
     0 | D:1      | Mgcat the Demonspawn Fighter began the quest for the Orb.
     0 | D:1      | Reached XP level 1. HP: 18/18 MP: 1/1
    57 | D:1      | Reached skill level 2 in Unarmed Combat
   190 | D:1      | Gained mutation: You are partially covered in iridescent scales. (AC +2) [demonic ancestry]
   190 | D:1      | Reached XP level 2. HP: 17/24 MP: 2/2
   619 | D:2      | Noticed Jessica
   624 | D:2      | Reached skill level 3 in Shields
   640 | D:2      | Gained mutation: You have sharp fingernails. [demonic ancestry]
   640 | D:2      | Reached XP level 3. HP: 12/29 MP: 3/3
   644 | D:2      | HP: 4/29 [dart slug/slug dart (5)]
   651 | D:2      | HP: 3/29 [Jessica (1)]
   652 | D:2      | HP: 1/29 [Jessica (3)]
   653 | D:2      | Killed Jessica
  1041 | D:2      | Reached XP level 4. HP: 37/37 MP: 4/4
  1217 | D:2      | Found a deep blue altar of Sif Muna.
  1416 | D:2      | Reached skill level 4 in Fighting
  1416 | D:2      | Reached skill level 3 in Unarmed Combat
  1774 | D:2      | Found a hazy altar of Hepliaklqana.
  1918 | D:3      | Reached XP level 5. HP: 42/42 MP: 5/5
  2096 | D:3      | Learned a level 2 spell: Blink
  2228 | D:3      | Noticed Grinder
  2264 | D:3      | Paralysed by Grinder for 3 turns
  2277 | D:3      | Killed Grinder
  2277 | D:3      | Reached skill level 4 in Shields
  2277 | D:3      | Reached skill level 1 in Translocations
  2277 | D:3      | Gained mutation: You are mostly covered in iridescent scales. (AC +4) [demonic ancestry]
  2277 | D:3      | Reached XP level 6. HP: 23/49 MP: 6/6
  2468 | D:3      | Found an ancient bone altar of Kikubaaqudgha.
  2640 | D:4      | Found Lodobo's Assorted Antiques.
  2646 | D:4      | Bought a glittering golden ring for 145 gold pieces
  2646 | D:4      | Identified the ring "Tixky" {rPois MR+ Str+4 Int+4 Dex+3} (You bought it in a shop on level 4 of the Dungeon)
  2660 | D:4      | Reached skill level 4 in Unarmed Combat
  2720 | D:4      | Noticed PegasusDuck's ghost (amateur OgFE)
  2826 | D:4      | Found Cier's Book Boutique.
  2982 | D:5      | Entered Level 5 of the Dungeon
  2982 | D:5      | Found an opulent altar of Gozag.
  3004 | D:5      | Got a polished scale mail
  3050 | D:5      | Reached skill level 5 in Fighting
  3050 | D:5      | Reached skill level 2 in Translocations
  3050 | D:5      | Gained mutation: Your flesh is heat resistant. (rF+) [demonic ancestry]
  3050 | D:5      | Reached XP level 7. HP: 43/56 MP: 7/7
  3078 | D:5      | Found a basalt altar of Yredelemnul.
  3096 | D:5      | Noticed grindst0ne's ghost (amateur SpEn)
  3123 | D:5      | Killed grindst0ne's ghost
  3187 | D:5      | Identified the cursed +0 scale mail of the Gusle {-Tele rF+ Regen+ Dex+4} (You found it on level 5 of the Dungeon)
  3215 | D:5      | Reached skill level 3 in Translocations
  3300 | D:5      | Found a staircase to the Ecumenical Temple.
  3322 | Temple   | Entered the Ecumenical Temple
  3535 | D:5      | Became a worshipper of Gozag Ym Sagoz the Greedy
  3656 | D:5      | Reached skill level 5 in Unarmed Combat
  3754 | D:5      | Found a sparkling altar of Nemelex Xobeh.
  3929 | D:5      | Reached skill level 6 in Fighting
  3929 | D:5      | Gained mutation: A weak demonic guardian rushes to your aid. [demonic ancestry]
  3929 | D:5      | Reached XP level 8. HP: 64/64 MP: 8/8
  4222 | D:6      | Reached skill level 1 in Spellcasting
  4318 | D:6      | Got an ichor-stained ring mail
  4343 | D:5      | Identified the +1 ring mail of the Snake Pit {Str+3} (You found it on level 6 of the Dungeon)
  4644 | D:6      | Noticed Blork the orc
  4662 | D:6      | Killed Blork the orc
  4662 | D:6      | Reached skill level 4 in Translocations
  4695 | D:6      | Learned a level 2 spell: Poisonous Vapours
  4849 | D:6      | Noticed Eustachio
  4880 | D:6      | Killed Eustachio
  4880 | D:6      | Reached skill level 2 in Spellcasting
  5182 | D:7      | Reached skill level 1 in Air Magic
  5182 | D:7      | Reached skill level 1 in Poison Magic
  5429 | D:7      | Gained mutation: You are immune to clouds of flame. [demonic ancestry]
  5429 | D:7      | Reached XP level 9. HP: 61/71 MP: 13/13
  5431 | D:7      | Reached skill level 2 in Poison Magic
  5511 | D:7      | Reached skill level 6 in Unarmed Combat
  5521 | D:7      | Reached skill level 2 in Air Magic
  5539 | D:7      | Noticed Joseph
  5544 | D:7      | Reached skill level 3 in Spellcasting
  5558 | D:7      | HP: 12/71 [Joseph/wand of acid (7) (21)]
  5558 | D:7      | Splashed by Joseph's acid

Vault maps used:
D:1:      minmay_arrival_three_doors, minmay_misc_feat_rugged
D:2:      lemuel_blue_sif_altar, marbit_many_paths, uniq_jessica
D:3:      lemuel_round_altar, first_ration, uniq_grinder
D:4:      kennysheep_mini, serial_shops, shop_coins, shop, shop, trog_book,
          uniq_menkaure
D:5:      old_standard_altar, overflow_temple_1_default,
          minmay_temple_entry_statues_pillars, hangedman_decor_peaks_small,
          mrwooster_statue_mirror, grunt_ministairs_12, minivault_19,
          yredelemnul_altar_generic
D:6:      minmay_misc_feat_hallway, uniq_eustachio, uniq_blork_the_orc
D:7:      lemuel_coloured_pillars_altar, uniq_joseph
Temple:   compressed_dpeg_triangle_lava_temple

Skill      XL: |  1  2  3  4  5  6  7  8  9 |
---------------+----------------------------+-----
Unarmed Combat | 2 3 4 5 6 |  6.0
Shields        | 3 4 |  4.2
Fighting       | 4 5 6 |  6.9
Translocations | 1 2 3 4 |  4.7
Spellcasting   | 2 3 |  3.0
Air Magic      | 1 2 |  2.0
Poison Magic   | 1 2 |  2.2
Armour         | |  2.6

Action                   |  1- 3 |  4- 6 |  7- 9 || total
-------------------------+-------+-------+-------++-------
Melee: Unarmed           |   119 |   268 |   307 ||   694
 Cast: Poisonous Vapours |       |       |     1 ||     1
  Use: Potion            |       |     1 |     1 ||     2
       Scroll            |       |       |     8 ||     8
 Stab: Distracted        |       |       |     3 ||     3
  Eat: Chunk             |       |     7 |     2 ||     9
       Ration            |       |       |     2 ||     2
Armor: Scale mail        |    55 |   129 |    42 ||   226
       Ring mail         |       |       |    55 ||    55
Dodge: Dodged            |    35 |   104 |    89 ||   228
Block: Shield            |     9 |       |       ||     9
       Buckler           |    18 |    55 |    60 ||   133

Table legend:
 A = Spawn XP
 B = Non-spawn XP
 C = Spawn XP percentage of total XP
 D = Spawn monster count
 E = Non-spawn monster count
 F = Spawn count percentage of total count
 G = Total turns spent on level
                    A         B        C        D         E        F      G
               +---------+---------+-------+---------+---------+-------+---------
         Total |       0 |    3150 |   0.0 |       0 |     163 |   0.0 |  5558
               +---------+---------+-------+---------+---------+-------+---------
           D:1 |       0 |      33 |   0.0 |       0 |      19 |   0.0 |   896
           D:2 |       0 |     158 |   0.0 |       0 |      26 |   0.0 |  1005
           D:3 |       0 |     388 |   0.0 |       0 |      35 |   0.0 |   849
           D:4 |       0 |      63 |   0.0 |       0 |       4 |   0.0 |   232
           D:5 |       0 |     822 |   0.0 |       0 |      32 |   0.0 |  1093
           D:6 |       0 |     761 |   0.0 |       0 |      16 |   0.0 |   935
           D:7 |       0 |     925 |   0.0 |       0 |      31 |   0.0 |   379
               +---------+---------+-------+---------+---------+-------+---------

Vault maps used:
D:1:      minmay_arrival_three_doors, minmay_misc_feat_rugged
D:2:      lemuel_blue_sif_altar, marbit_many_paths, uniq_jessica
D:3:      lemuel_round_altar, first_ration, uniq_grinder
D:4:      kennysheep_mini, serial_shops, shop_coins, shop, shop, trog_book,
          uniq_menkaure
D:5:      old_standard_altar, overflow_temple_1_default,
          minmay_temple_entry_statues_pillars, hangedman_decor_peaks_small,
          mrwooster_statue_mirror, grunt_ministairs_12, minivault_19,
          yredelemnul_altar_generic
D:6:      minmay_misc_feat_hallway, uniq_eustachio, uniq_blork_the_orc
D:7:      lemuel_coloured_pillars_altar, uniq_joseph
Temple:   compressed_dpeg_triangle_lava_temple

Table legend:
 A = Turns spent in this place as a percentage of turns spent in the entire game.
 B = Non-inter-level travel turns spent in this place as a percentage of non-inter-level travel turns spent in the entire game.
 C = Inter-level travel turns spent in this place as a percentage of turns spent in this place.
 D = Turns resting spent in this place as a percentage of non-inter-level travel turns spent in this place.
 E = Turns spent auto-exploring this place as a percentage of non-inter-level travel turns spent in this place.
 F = Non-inter-level travel turns spent in this place divided by the number of levels of this place that you've seen.
                   A       B       C       D       E      F
               +-------+-------+-------+-------+-------+----------------------
         Total | 100.0 | 100.0 |   5.3 |   2.8 |  70.9 | 658.0
       Dungeon |  97.0 |  97.0 |   5.3 |   2.9 |  70.1 | 729.4
        Temple |   3.0 |   3.0 |   6.5 |   0.0 |  98.1 | 158.0
               +-------+-------+-------+-------+-------+----------------------

Table legend:
 A = Kills in this place as a percentage of kills in entire the game.
 B = Kills by you in this place as a percentage of kills by you in the entire game.
 C = Kills by friends in this place as a percentage of kills by friends in the entire game.
 D = Other kills in this place as a percentage of other kills in the entire game.
 E = Experience gained in this place as a percentage of experience gained in the entire game.
 F = Experience gained in this place divided by the number of levels of this place that you have seen.
                   A       B       C       D       E      F
               +-------+-------+-------+-------+-------+----------------------
         Total | 100.0 | 100.0 | 100.0 |   N/A | 100.0 | 393.8
       Dungeon | 100.0 | 100.0 | 100.0 |   N/A | 100.0 | 450.0
               +-------+-------+-------+-------+-------+----------------------
